 Dungeon Crawl Stone Soup version 0.20.2-3-g29329e0561 (webtiles) character file.

58 Alfie the Skirmisher (level 3, -1/34 HPs)
             Began as a Minotaur Fighter on Jan 29, 2024.
             Slain by Grinder (5 damage)
             ... on level 3 of the Dungeon.
             The game lasted 00:02:44 (1353 turns).

Alfie the Skirmisher (Minotaur Fighter)             Turns: 1353, Time: 00:02:44

Health: -1/34      AC:  7    Str: 21    XL:     3   Next: 76%
Magic:  2/2        EV:  7    Int:  5    God:
Gold:   60         SH:  9    Dex:  9    Spells: 2/2 levels left

rFire    . . .     SeeInvis .   a - +0 rapier
rCold    . . .     Gourm    .   c - +0 shield
rNeg     . . .     Faith    .   b - +0 scale mail
rPois    .         Spirit   .   (helmet restricted)
rElec    .         Reflect  .   (no cloak)
rCorr    .         Harm     .   (no gloves)
MR       .....                  (no boots)
Stlth    ..........             (no amulet)
Regen    0.2/turn               (no ring)
MPRegen  0.1/turn               (no ring)

@: no status effects
A: retaliatory headbutt, horns 2
a: no special abilities


You were on level 3 of the Dungeon.
You were not hungry.

You visited 1 branch of the dungeon, and saw 3 of its levels.

You collected 60 gold pieces.

Inventory:

Hand Weapons
 a - a +0 rapier (weapon)
Armour
 b - a +0 scale mail (worn)
 c - a +0 shield (worn)
Jewellery
 k - an uncursed ring of poison resistance {unknown}
Scrolls
 g - 2 scrolls of identify {unknown}
 i - 3 scrolls of recharging {unknown}
 j - a scroll of amnesia {unknown}
 m - 3 scrolls of remove curse {unknown}
 n - a scroll of magic mapping {unknown}
 o - a scroll of teleportation {unknown}
Potions
 d - a potion of might
 e - a potion of invisibility {unknown}
 h - a potion of curing {unknown}
 l - a potion of heal wounds {unknown}
 p - a potion of haste {unknown}
 q - a potion of flight {unknown}


   Skills:
 + Level 4.5 Fighting
 + Level 2.5 Short Blades
 + Level 4.2 Armour
 + Level 0.2 Dodging
 + Level 4.1 Shields


You had 2 spell levels left.
You didn't know any spells.

Dungeon Overview and Level Annotations

Branches:
Dungeon (3/15)

Altars:
Qazlal

Annotations:
D:3 Grinder


Innate Abilities, Weirdness & Mutations

You reflexively headbutt those who attack you in melee.
You have a pair of horns on your head.


Message History

The bat hits you but does no damage. Grinder hits you.
You writhe in agony.
The bat hits you but does no damage. Grinder hits you.
You writhe in agony.
The bat completely misses you.
Grinder blinks!
The bat hits you but does no damage.
You can move again.
The bat hits you but does no damage.
The giant cockroach bites you but does no damage.
You hit the giant cockroach.
You kill the giant cockroach!
The bat hits you but does no damage. Grinder hits you.
You writhe in agony.
The bat barely misses you. Grinder hits you.
* * * LOW HITPOINT WARNING * * *
You writhe in agony.
* * * LOW HITPOINT WARNING * * *
The bat completely misses you. Grinder hits you.
* * * LOW HITPOINT WARNING * * *
You writhe in agony.
* * * LOW HITPOINT WARNING * * *
The bat hits you but does no damage. Grinder hits you.
You die...

#.# # #.# #.
#.# # #[###.#
#.##.....#
#........#
#........#
#......@.#
#....b.5.#
#.....>(.#
#........#
#.....<..#
.......#....#
.............#
#.+########+.#
# .#


You could see Grinder and a bat.

Vanquished Creatures
  2 adders (D:2)
  2 worms (D:2)
  A dart slug (D:2)
  A leopard gecko (D:1)
  A ball python (D:2)
  2 giant cockroaches
  4 goblins (D:1)
  2 hobgoblins (D:1)
  4 jackals (D:2)
  2 kobolds (D:1)
  2 quokkas (D:2)
  3 bats
  4 frilled lizards (D:1)
  A rat (D:2)
31 creatures vanquished.

Vanquished Creatures (others)
  A worm (D:2)
1 creature vanquished.

Grand Total: 32 creatures vanquished

Notes
Turn   | Place    | Note
-------+----------+-------------------------------------------
     0 | D:1      | Alfie the Minotaur Fighter began the quest for the Orb.
     0 | D:1      | Reached XP level 1. HP: 19/19 MP: 0/0
   101 | D:1      | You fall through a shaft!
   235 | D:1      | Reached XP level 2. HP: 24/27 MP: 1/1
   567 | D:2      | Found a stormy altar of Qazlal.
   572 | D:2      | Reached XP level 3. HP: 33/33 MP: 2/2
  1339 | D:3      | Noticed Grinder
  1344 | D:3      | Paralysed by Grinder for 5 turns
  1353 | D:3      | Slain by Grinder

Skill      XL: |  1  2 |
---------------+-------+-----
Fighting       | 4 |  4.5
Armour         | 4 |  4.2
Shields        | 4 |  4.1
Short Blades   | |  2.5
Dodging        | |  0.2

Action                   || total
-------------------------++-------
Melee: Rapier            ||    93
       Headbutt          ||    13
  Eat: Bread ration      ||     1
Armor: Scale mail        ||    54
Dodge: Dodged            ||    27
Block: Shield            ||    46
